[Event "Early-Titled-Tuesday-Blitz-April-16-2024"]
[Site "Chess.com"]
[Date "2024.04.16"]
[Round "11"]
[White "Anton_Demchenko"]
[Black "Tagir45"]
[Result "1-0"]
[WhiteElo "2978"]
[BlackElo "2640"]
[TimeControl "180+1"]
[EndTime "10:11:45 PDT"]
[Termination "Anton_Demchenko won by checkmate"]

1. e4 c5 2. Nf3 d6 3. d4 cxd4 4. Qxd4 Nc6 5. Bb5 Bd7 6. Qd3 Nf6 7. Bg5 Nb4 8. Bxd7+ Nxd7 9. Qe2 h6 10. Bh4 g5 11.
Bg3 Bg7 12. c3 Nc6 13. h4 g4 14. Nfd2 Nc5 15. Qxg4 Kf8 16. Qe2 Rg8 17. Bf4 Qb6 18.
Nc4 Qa6 19. Nba3 b5 20. Nxd6 b4 21. Nac4 bxc3 22. O-O cxb2 23. Rad1 Ne6 24. Qh5 exd6 25. Nxd6 Ncd8 26. Bg3 Rb8 27. Nf5 Rb5 28. Kh2 Qb6 29. Rd7 b1=Q 30. Rxb1 Rxb1 31. Bd6+ Qxd6+ 32. Nxd6 Nf4 33. Rxf7+ Nxf7 34. Qxf7# 1-0

[Event "Early-Titled-Tuesday-Blitz-April-16-2024"]
[Site "Chess.com"]
[Date "2024.04.16"]
[Round "11"]
[White "C_K_G"]
[Black "lluiss"]
[Result "1-0"]
[WhiteElo "2296"]
[BlackElo "2075"]
[TimeControl "180+1"]
[EndTime "10:11:46 PDT"]
[Termination "C_K_G won on time"]

1. e4 c5 2. Nf3 d6 3. d4 cxd4 4.
Nxd4 Nf6 5. Nc3 g6 6. Be2 Bg7 7. Be3 O-O 8. f4 Nc6 9. Nb3 a5 10. a4 Be6 11. O-O Bxb3 12. cxb3 Nb4 13. Bf3 e5 14. f5 Re8 15. Nb5 d5 16. exd5 Nfxd5 17. Bc5 e4 18. fxg6 hxg6 19. Be2 Qg5 20. Nd6 Re6 21.
Nxf7 Qh4 22. Bf2 Qe7 23. Bd4 Nd3 24. Bxg7 Kxg7 25. Bxd3 exd3 26. Qxd3 Nf6 27. Rac1 Qxf7 28. Rc4 Rae8 29. Rcf4 Qe7 30. Qc3 Rf8 31. h3 1-0

[Event "Early-Titled-Tuesday-Blitz-April-16-2024"]
[Site "Chess.com"]
[Date "2024.04.16"]
[Round "11"]
[White "Meri-Arabidze"]
[Black "2Coaches1Profile"]
[Result "1-0"]
[WhiteElo "2677"]
[BlackElo "2554"]
[TimeControl "180+1"]
[EndTime "10:11:49 PDT"]
[Termination "Meri-Arabidze won on time"]

1. Nf3 g5 2. b3 g4 3. Ng1 Bg7 4. d4 d5 5. Nc3 c5 6. e3 Nc6 7. Nge2 h5 8. Bb2 cxd4 9. exd4 Bf5 10. Ng3 Bg6 11. Bb5 e6 12. Nge2 Ne7 13. Nf4 Bf5 14. O-O a6 15. Bxc6+ Nxc6 16. Nce2 h4 17. c4 h3 18. g3 Bh6 19. Re1 Ne7 20. Ba3 Ng6 21. Bc1 Be4 22. Nxg6 fxg6 23. Bxh6 Rxh6 24. Nf4 g5 25.
cxd5 gxf4 26. Rxe4 Qxd5 27. Qd3 O-O-O 28. Rae1 Kb8 29.
Qc4 fxg3 30. fxg3 Qf5 31. Rf4 Qd5 32. Qxd5 Rxd5 33. Rxg4 Rf6 34. Rh4 1-0

[Event "Early-Titled-Tuesday-Blitz-April-16-2024"]
[Site "Chess.com"]
[Date "2024.04.16"]
[Round "11"]
[White "jaskol95"]
[Black "Massakru"]
[Result "1-0"]
[WhiteElo "2537"]
[BlackElo "2372"]
[TimeControl "180+1"]
[EndTime "10:11:49 PDT"]
[Termination "jaskol95 won on time"]

1. e4 e5 2. Nc3 Nf6 3. d4 exd4 4. Qxd4 Nc6 5. Qd3 Bb4 6. Bd2 O-O 7. Nge2 Re8 8. O-O-O Ng4 9. Qg3 d6 10. f3 Nge5 11. Nf4 Ne7 12. h4 a5 13. h5 a4 14.
a3 Bc5 15. Nfd5 Nxd5 16. Nxd5 c6 17. h6 Ng6 18. Ne3 d5 19. Nf5 Bxf5 20. exf5 Bd6 21. Qg4 Be5 22. fxg6 fxg6 23. hxg7 Qf6 24. c3 b5 25. Bd3 b4 26. Qh4 Qxg7 27. Bh6 Qh8 28.
Qxb4 Reb8 29. Qc5 Qf6 30. f4 Bd6 31. Qd4 Qf7 32. f5 c5 33. fxg6 hxg6 34. Qh4 Rb3 35. Bg5 Qg7 36. Bf6 1-0

[Event "Early-Titled-Tuesday-Blitz-April-16-2024"]
[Site "Chess.com"]
[Date "2024.04.16"]
[Round "11"]
[White "PawnEatingZombie"]
[Black "Hui_Li_Macau"]
[Result "0-1"]
[WhiteElo "2242"]
[BlackElo "2382"]
[TimeControl "180+1"]
[EndTime "10:11:51 PDT"]
[Termination "Hui_Li_Macau won on time"]

1. e4 e5 2. Nf3 Nf6 3. Nc3 Nc6 4. Bb5 Bb4 5. O-O O-O 6. Bxc6 dxc6 7. d3 Bg4 8. h3 Bh5 9. Kh1 Bd6 10. Rg1 Nd7 11.
g4 Bg6 12. Ne2 Nc5 13. Ng3 Ne6 14. h4 h6 15. h5 Bh7 16. Nf5 Re8 17. g5 Bxf5 18.
exf5 Nxg5 19. Nxg5 hxg5 20. Bxg5 Qd7 21. Qg4 Bf8 22. Bf6 Kh7 23. Bxg7 Be7 24. f6 Qxg4 25.
Rxg4 Bc5 26. Rf1 Rg8 27. f4 Rae8 28. fxe5 Rxe5 29. Re4 Rxh5+ 30. Kg2 Bf8 31. Rh1 Rxh1 32. Kxh1 Bxg7 33. fxg7 Rxg7 34. Re7 f6 35. Re8 Kh6 36. Kh2 b6 37. Ra8 a5 38. Rc8 Kg5 39. a4 Kf4 40. Re8 f5 0-1

[Event "Early-Titled-Tuesday-Blitz-April-16-2024"]
[Site "Chess.com"]
[Date "2024.04.16"]
[Round "11"]
[White "SaiHanThiha"]
[Black "tarno17"]
[Result "0-1"]
[WhiteElo "2493"]
[BlackElo "2134"]
[TimeControl "180+1"]
[EndTime "10:11:51 PDT"]
[Termination "tarno17 won on time"]

1. Nf3 d5 2. g3 Nd7 3. Bg2 e5 4. O-O Ngf6 5. d4 Bd6 6. Bg5 e4 7. Nfd2 h6 8. Bxf6 Nxf6 9. e3 O-O 10. c4 c6 11. Nc3 Re8 12. cxd5 cxd5 13. Qb3 Be6 14.
Rfc1 Qd7 15. Qb5 Qe7 16. Na4 a6 17. Qb6 Rab8 18. Nc5 Rec8 19. Nxe6 fxe6 20. Bh3 g5 21. Nb3 g4 22. Bf1 h5 23. Na5 Bc7 24. Rxc7 Rxc7 25. Bxa6 Rbc8 26. Bf1 h4 27. gxh4 Nh5 28. a4 Qf7 29.
Ra3 Rc2 30. Rb3 Qxf2+ 0-1

[Event "Early-Titled-Tuesday-Blitz-April-16-2024"]
[Site "Chess.com"]
[Date "2024.04.16"]
[Round "11"]
[White "AlessiaSanteramo"]
[Black "amanjazu"]
[Result "0-1"]
[WhiteElo "2349"]
[BlackElo "2527"]
[TimeControl "180+1"]
[EndTime "10:11:52 PDT"]
[Termination "amanjazu won by checkmate"]

1. e4 Nf6 2. e5 Nd5 3. c4 Nb6 4. d4 d6 5. exd6 cxd6 6. Nc3 g6 7. Be3 Bg7 8. Rc1 O-O 9. b3 Nc6 10. d5 Ne5 11. Be2 h5 12. f4 Ng4 13. Bd4 Bh6 14. Qd2 e5 15. dxe6 fxe6 16. Bxg4 hxg4 17. Nge2 e5 18. Bxb6 axb6 19. O-O Be6 20. Rcd1 Qf6 21. Ne4 Qf7 22. Nxd6 Qg7 23. Qe3 Rxa2 24. Nc3 Rb2 25.
Na4 Ra2 26. Qxe5 Qxe5 27. fxe5 Be3+ 28. Kh1 Rxf1+ 29. Rxf1 Bf2 30. Ne4 Be3 31. Nf6+ Kg7 32. Ne8+ Kh6 33. Nd6 Bd7 34. Nxb7 Bc6 35. h3 Bxg2+ 36.
Kh2 Bxf1+ 37. Kg3 Bxh3 38. Nc3 Rg2+ 39. Kh4 g5# 0-1

[Event "Early-Titled-Tuesday-Blitz-April-16-2024"]
[Site "Chess.com"]
[Date "2024.04.16"]
[Round "11"]
[White "imdvb6307"]
[Black "Acva-Alenok"]
[Result "1/2-1/2"]
[WhiteElo "2516"]
[BlackElo "2343"]
[TimeControl "180+1"]
[EndTime "10:11:54 PDT"]
[Termination "Game drawn - insufficient material"]

1. d4 Nf6 2. Nf3 e6 3. Bg5 c5 4. c3 Qb6 5. Qb3 Nc6 6. e3 Na5 7. Qxb6 axb6 8. Na3 Nd5 9. Nb5 f6 10. Bh4 Kf7 11. Bg3 cxd4 12. exd4 Nb3 13. Rb1 Rxa2 14. Bc4 Ra5 15. Bxd5 exd5 16. Nd6+ Bxd6 17. Bxd6 Re8+ 18. Kd1 Ra8 19. Kc2 Na5 20. Ra1 Re2+ 21. Kb1 Rxf2 22. b4 Rxg2 23. bxa5 bxa5 24. Ra2 Rxa2 25. Kxa2 b6 26.
Rb1 Ba6 27. Rxb6 Bc4+ 28. Ka3 Re8 29. Nd2 Re3 30. Nxc4 Rxc3+ 31. Rb3 Rxb3+ 32. Kxb3 dxc4+ 33. Kxc4 g5 34. Kb5 Ke6 35. Bb8 f5 36. Kxa5 Kd5 37. Kb6 h5 38. Kc7 f4 39. Kxd7 Kxd4 40. h4 gxh4 41.
Bxf4 Ke4 42. Bd6 Kf5 43. Ke7 h3 44. Kf7 h4 45. Bb8 Kg4 46. Kg6 Kf3 47. Kh5 Kg2 48.
Kxh4 h2 49. Bxh2 1/2-1/2

[Event "Early-Titled-Tuesday-Blitz-April-16-2024"]
[Site "Chess.com"]
[Date "2024.04.16"]
[Round "11"]
[White "aanshnerurkar"]
[Black "NMChessToImpress"]
[Result "1-0"]
[WhiteElo "2444"]
[BlackElo "2270"]
[TimeControl "180+1"]
[EndTime "10:11:57 PDT"]
[Termination "aanshnerurkar won by checkmate"]

1. e4 e6 2. d4 d5 3. Nd2 Be7 4. Ngf3 Nf6 5. e5 Nfd7 6. Bd3 c5 7. c3 Nc6 8. O-O a5 9. Re1 cxd4 10. cxd4 Qb6 11. Qa4 g5 12. Nb3 g4 13. Nfd2 Qc7 14.
Nf1 Nb6 15. Qb5 a4 16. Nc5 Ra5 17. Qxa5 Nxa5 18. Bd2 Nac4 19. Bc3 Bxc5 20. dxc5 Qxc5 21. b3 Na3 22. Bb2 Bd7 23. Rac1 Qe7 24. Bd4 Qb4 25. Bc5 Qf4 26. Bxa3 Bc6 27. g3 Qg5 28. Bc5 Nd7 29. Bd4 h5 30. b4 Nf8 31. b5 Bd7 32. Rc7 h4 33. Rxb7 hxg3 34. Nxg3 Qf4 35. Rb8+ Ke7 36. Bc5# 1-0

[Event "Early-Titled-Tuesday-Blitz-April-16-2024"]
[Site "Chess.com"]
[Date "2024.04.16"]
[Round "11"]
[White "Jospem"]
[Black "Salem-AR"]
[Result "0-1"]
[WhiteElo "3062"]
[BlackElo "3051"]
[TimeControl "180+1"]
[EndTime "10:11:58 PDT"]
[Termination "Salem-AR won on time"]

1. e4 c5 2. Nf3 d6 3. c3 Nf6 4. h3 g6 5. Bd3 Bg7 6. Bc2 O-O 7.
d4 cxd4 8. cxd4 Nc6 9. O-O e5 10.
dxe5 dxe5 11. Nc3 Be6 12. Bb3 Bxb3 13. Qxb3 Nd4 14. Nxd4 exd4 15. Rd1 Qb8 16. Rxd4 Ng4 17. e5 Nxe5 18. Bf4 Qc8 19. Rad1 Re8 20. Re4 Qc6 21. Nd5 b5 22. Rde1 Rad8 23. Nc3 Nd3 24. Rxe8+ Rxe8 25. Rxe8+ Qxe8 26. Be3 a6 27. Nd5 Nxb2 28.
Qa3 Na4 29. Qd6 Nc3 30. Nc7 Qc8 31. a3 Bf8 32. Qe5 Bg7 33. Qd6 Ne4 34. Qxa6 Qxa6 35.
Nxa6 Bf8 36. Nc7 Nc3 37. Bd2 Nb1 0-1

[Event "Early-Titled-Tuesday-Blitz-April-16-2024"]
[Site "Chess.com"]
[Date "2024.04.16"]
[Round "11"]
[White "David_George21"]
[Black "Nutflush"]
[Result "1-0"]
[WhiteElo "2320"]
[BlackElo "2127"]
[TimeControl "180+1"]
[EndTime "10:12:00 PDT"]
[Termination "David_George21 won by resignation"]

1. e4 c5 2. Nf3 g6 3. d4 cxd4 4. Nxd4 Bg7 5. c4 Nc6 6. Be3 d6 7. Nc3 Nf6 8. Be2 Nxd4 9. Bxd4 O-O 10. O-O Bd7 11. f4 Bc6 12. Bf3 Nd7 13. Bxg7 Kxg7 14. Qd4+ f6 15. b4 Qb6 16. Qxb6 Nxb6 17. Nd5 Nxc4 18. Nxe7 Nd2 19. Rfd1 Nxf3+ 20. gxf3 Rfd8 21. Rac1 Rab8 22. Rxc6 bxc6 23. Nxc6 Rdc8 24. Nxb8 Rxb8 25. Rxd6 Rxb4 26. Rd7+ Kh6 27. Rxa7 Rb2 28. a4 Ra2 29. a5 g5 30. e5 gxf4 31. exf6 Kg6 32. f7 Kg7 33. a6 Kf8 34. Kf1 h5 35. h4 Kg7 36.
Ke1 Kf8 37. Kd1 Ra3 38. Kc2 Rxf3 39. Ra8+ Kxf7 40. a7 Ra3 41. Rh8 Ra2+ 42. Kd1 1-0

[Event "Early-Titled-Tuesday-Blitz-April-16-2024"]
[Site "Chess.com"]
[Date "2024.04.16"]
[Round "11"]
[White "MrVenky"]
[Black "only_strong_moves"]
[Result "0-1"]
[WhiteElo "2531"]
[BlackElo "2643"]
[TimeControl "180+1"]
[EndTime "10:12:01 PDT"]
[Termination "only_strong_moves won by resignation"]

1. Nf3 Nf6 2. g3 e6 3. Bg2 d5 4. d3 Be7 5. Nbd2 O-O 6. e4 dxe4 7. dxe4 Nc6 8. O-O e5 9. Re1 Bc5 10. h3 Be6 11. c3 a5 12. Ng5 Bd7 13. Nc4 Qe7 14.
Ne3 Bxe3 15. Rxe3 Rad8 16. Qf1 Qc5 17. Re1 Qb6 18. b3 Qc5 19. Qc4 Qxc4 20. bxc4 b6 21. Ba3 Rfe8 22. c5 b5 23. Bf1 Rb8 24. Rab1 b4 25.
cxb4 axb4 26. Bb2 h6 27. Nf3 Be6 28. a3 bxa3 29. Bxa3 Rxb1 30. Rxb1 Nxe4 31. Bb5 Rb8 32. Bd3 Rxb1+ 33. Bxb1 Nc3 34. Bc2 Bd5 35. Nd2 Nd4 36.
Bd3 c6 37. Bb2 Ncb5 38. f4 exf4 39. gxf4 Ne6 40. Bxb5 cxb5 41. Kf2 Nxc5 42. Ke3 Bc6 43. Kd4 Ne6+ 44. Ke5 Ba8 45. f5 Ng5 46. h4 f6+ 47. Kf4 Nf7 48. Bc3 Kf8 49. Bb4+ Ke8 50. Nb3 Ne5 51. Nd4 Nd3+ 0-1

[Event "Early-Titled-Tuesday-Blitz-April-16-2024"]
[Site "Chess.com"]
[Date "2024.04.16"]
[Round "11"]
[White "Fjal"]
[Black "emeli_chess"]
[Result "0-1"]
[WhiteElo "2320"]
[BlackElo "2454"]
[TimeControl "180+1"]
[EndTime "10:12:02 PDT"]
[Termination "emeli_chess won on time"]

1. Nf3 f5 2. g3 Nf6 3. Bg2 d6 4.
O-O e5 5. d3 Be7 6. e4 O-O 7.
Nc3 Nc6 8. Ne2 h6 9. c3 Nh5 10.
exf5 Bxf5 11. d4 Bg4 12. dxe5 dxe5 13. Qb3+ Kh8 14. c4 b6 15. Re1 e4 16. Nd2 Nd4 17. Nxd4 Qxd4 18. Nxe4 Rae8 19. Be3 Qe5 20. h3 Bf3 21. Bxf3 Rxf3 22. Bd4 Qf5 23. Qb5 Rf8 24. Qxf5 R3xf5 25. g4 Rf3 26. gxh5 Rxh3 27. Ng3 Bd6 28. Kg2 Rh4 29. Re4 Bxg3 30. Rxh4 Bxh4 31. b4 Bf6 32. Bxf6 Rxf6 33. Re1 Rf4 34. c5 Rxb4 35. cxb6 cxb6 36. Re2 Rh4 37. Re7 Ra4 38. Re2 Ra5 39. Kg3 Rxh5 0-1

[Event "Early-Titled-Tuesday-Blitz-April-16-2024"]
[Site "Chess.com"]
[Date "2024.04.16"]
[Round "11"]
[White "IsmaelAmadorGarcia"]
[Black "NastyaHn"]
[Result "1-0"]
[WhiteElo "2356"]
[BlackElo "2448"]
[TimeControl "180+1"]
[EndTime "10:12:04 PDT"]
[Termination "IsmaelAmadorGarcia won on time"]

1. e4 e6 2. Bb5 c6 3. Ba4 d5 4.
exd5 exd5 5. d4 Nf6 6. Bg5 Bd6 7.
Nf3 O-O 8. O-O Bg4 9. h3 Bh5 10.
Nbd2 Nbd7 11. c3 Qc7 12. Bc2 Bg6 13. Nh4 Rae8 14. Nxg6 fxg6 15. Rc1 Nh5 16. c4 Nf4 17. Bb3 Ne2+ 18. Kh1 Nxc1 19. Qxc1 dxc4 20. Nxc4 Kh8 21. Nxd6 Qxd6 22. Be3 Nf6 23. d5 b6 24. Qxc6 Qe5 25. Qb7 Ne4 26. Kg1 Re7 27. Qc6 Rc7 28.
Qa4 Nd6 29. Bd4 Qe7 30. Qb4 Rfc8 31. Bc3 Qd7 32. Ba4 b5 33. Bb3 a6 34. Re1 h6 35.
Qf4 g5 36. Qd4 Nf5 37. Qe5 Rxc3 38. bxc3 a5 39. Bc2 Nd6 40. Qd4 b4 41. Re6 1-0

[Event "Early-Titled-Tuesday-Blitz-April-16-2024"]
[Site "Chess.com"]
[Date "2024.04.16"]
[Round "11"]
[White "Bwert2602"]
[Black "N_I_Chess"]
[Result "1/2-1/2"]
[WhiteElo "2264"]
[BlackElo "2370"]
[TimeControl "180+1"]
[EndTime "10:12:04 PDT"]
[Termination "Game drawn by repetition"]

1. d4 Nf6 2. Nc3 d5 3. Bg5 e6 4. e4 dxe4 5. Nxe4 Be7 6. Bxf6 gxf6 7. Nf3 b6 8. Bb5+ c6 9. Bd3 Bb7 10. Qd2 Nd7 11. Qh6 Qc7 12. Qg7 Rf8 13. Qg3 O-O-O 14. O-O-O Rg8 15. Qxc7+ Kxc7 16. Ng3 f5 17. Rhe1 c5 18.
Nxf5 Bf6 19. Ng3 cxd4 20. Bxh7 Rh8 21. Be4 Nc5 22. Bxb7 Kxb7 23. Ne4 Bg7 24. h3 d3 25. Nxc5+ bxc5 26. Rxd3 Kc6 27. Ne5+ Bxe5 28. Rxe5 Rxd3 29. cxd3 Rg8 30. g3 Kd6 31. Re1 Kd5 32. Kc2 Rb8 33.
Re4 f6 34. Rf4 f5 35. g4 Rf8 36. gxf5 exf5 37. h4 Ke5 38. Rc4 Kd5 39. Rf4 Ke5 40. Rc4 Kd5 41. Rf4 1/2-1/2

[Event "Early-Titled-Tuesday-Blitz-April-16-2024"]
[Site "Chess.com"]
[Date "2024.04.16"]
[Round "11"]
[White "Djager97"]
[Black "VinzentSpitzl"]
[Result "1-0"]
[WhiteElo "2547"]
[BlackElo "2460"]
[TimeControl "180+1"]
[EndTime "10:12:08 PDT"]
[Termination "Djager97 won on time"]

1. e4 d5 2. exd5 Qxd5 3. Nc3 Qd8 4. d4 Nf6 5. Nf3 g6 6. Bg5 Bg7 7. Bc4 O-O 8. O-O a6 9. a4 Nc6 10. h3 b6 11. Qd2 Bb7 12. Rad1 Nb4 13. d5 c6 14. dxc6 Qxd2 15. Rxd2 Nxc6 16. Rfd1 Rfd8 17.
Be3 b5 18. axb5 axb5 19. Rxd8+ Nxd8 20. Nxb5 Ne4 21. c3 Rc8 22. Bd5 Bxd5 23. Rxd5 Ne6 24. Nfd4 N6c5 25. Na7 Ra8 26. Ndc6 Na4 27. f3 Nf6 28. Rd2 e6 29. Kf2 Nd5 30. Bd4 Bf8 31. c4 Nf4 32. b3 Nc5 33. b4 Nb3 34. Rd1 Nxd4 35. Rxd4 e5 36. Rxf4 exf4 37. c5 f5 38.
Ke2 Kf7 39. Kd3 Ke6 40. Kc4 g5 41. b5 g4 42. b6 Re8 43. b7 1-0

[Event "Early-Titled-Tuesday-Blitz-April-16-2024"]
[Site "Chess.com"]
[Date "2024.04.16"]
[Round "11"]
[White "Gumugama"]
[Black "FuenfgegenWilly"]
[Result "1/2-1/2"]
[WhiteElo "2286"]
[BlackElo "2437"]
[TimeControl "180+1"]
[EndTime "10:12:08 PDT"]
[Termination "Game drawn by repetition"]

1. e4 e5 2. Nf3 Nc6 3. d4 exd4 4. Bc4 Nf6 5. e5 d5 6. Bb5 Ne4 7. Nxd4 Bd7 8. Bxc6 bxc6 9. O-O Bc5 10. Nb3 Bb6 11. a4 a5 12. N1d2 Qh4 13. Nxe4 Qxe4 14. Re1 Qh4 15.
Be3 O-O 16. Bc5 Rfe8 17. Qd4 Qxd4 18. Bxd4 Bxd4 19. Nxd4 c5 20. Nb3 c4 21. Nc5 Bf5 22. Rac1 Reb8 23. b3 cxb3 24. cxb3 Rb4 25. f3 h5 26. h3 h4 27. e6 fxe6 28. Nxe6 Bxe6 29. Rxe6 Rb7 30. Re7 Rc8 31. Rc5 Rxb3 32. Rxd5 Rb1+ 33. Kh2 c5 34. Rg5 c4 35. Rgxg7+ Kf8 36. Rgf7+ Kg8 37. Rg7+ Kf8 38. Ref7+ Ke8 39. Rf4 Rb4 40. Rxh4 Kf8 41. Ra7 Kg8 42. Rg4+ Kh8 43. Rh4+ Kg8 44. Rg4+ Kf8 45.
Rf4+ Kg8 46. Rg4+ 1/2-1/2

[Event "Early-Titled-Tuesday-Blitz-April-16-2024"]
[Site "Chess.com"]
[Date "2024.04.16"]
[Round "11"]
[White "RojonR"]
[Black "Smiechu"]
[Result "1-0"]
[WhiteElo "2552"]
[BlackElo "2384"]
[TimeControl "180+1"]
[EndTime "10:12:09 PDT"]
[Termination "RojonR won by resignation"]

1. e4 c5 2. Nf3 g6 3. d4 cxd4 4. Qxd4 Nf6 5. e5 Nc6 6. Qa4 Nd5 7. Qe4 Nb6 8. Nc3 d5 9. exd6 Bf5 10. Qe2 Bg7 11. dxe7 Nxe7 12. Bg5 f6 13. Rd1 Qc7 14. Nb5 Qxc2 15. Nd6+ Kf8 16. Qxc2 Bxc2 17. Rc1 Ba4 18. Be3 f5 19. Nd4 Be5 20. Ne6+ Kg8 21. Nc4 Nxc4 22. Bxc4 b5 23. Bb3 Bxb3 24. axb3 Kf7 25.
Ng5+ Kf6 26. f4 Bxb2 27. Rc2 Nd5 28. Rc6+ Kg7 29. Ne6+ Kf7 30. Ng5+ Ke8 31. Kf2 Kd7 32. Rc5 Nxe3 33. Kxe3 Rac8 34. Rd1+ Ke7 35. Rxb5 Rc7 36. Kf2 Rd8 37. Rxd8 Rc2+ 38. Kf3 Kxd8 39. Nxh7 Bd4 40.
Nf8 Rf2+ 41. Kg3 Rd2 42. Ne6+ Kd7 43. Nxd4 Rxd4 44. Ra5 Rd3+ 45. Kh4 Rxb3 46. Rxa7+ Ke6 47. Kg5 Rb2 48. g3 Rxh2 49. Kxg6 Rg2 50. Ra6+ Ke7 51.
Ra3 Ke6 52. Re3+ Kd7 53. Kxf5 Kd6 54. g4 Ra2 55. g5 Ra8 56. g6 Rf8+ 57. Kg5 Rg8 58.
f5 1-0

[Event "Early-Titled-Tuesday-Blitz-April-16-2024"]
[Site "Chess.com"]
[Date "2024.04.16"]
[Round "11"]
[White "andong36"]
[Black "DanyKopy"]
[Result "1-0"]
[WhiteElo "2438"]
[BlackElo "2513"]
[TimeControl "180+1"]
[EndTime "10:12:10 PDT"]
[Termination "andong36 won by resignation"]

1. d4 d5 2. Bf4 c5 3. e3 Nc6 4. c3 Bf5 5. Nd2 e6 6. Ngf3 Bd6 7. Ne5 Nge7 8. Qb3 O-O 9. Qxb7 Bxe5 10. Bxe5 Nxe5 11. dxe5 Rb8 12. Qxa7 Rxb2 13. Nb3 Nc6 14.
Qxc5 Nxe5 15. Qa3 Rxf2 16. Kxf2 Ng4+ 17. Ke2 Qh4 18. g3 Qh6 19. Qc5 Be4 20. h3 Bxh1 21.
hxg4 Qh2+ 22. Kd1 Bf3+ 23. Kc1 Qxg3 24. Qd4 Bxg4 25. Bd3 h5 26. Kb2 h4 27. e4 h3 28.
Rg1 Qf4 29. exd5 e5 30. Qxf4 exf4 31. Rxg4 f3 32. Rh4 Rd8 33. Rxh3 Rxd5 34. Rxf3 g5 35.
Bc4 Rd7 36. Rxf7 Rxf7 37. Bxf7+ Kxf7 38. Nd4 Kf6 39. Kc2 Ke5 40. Kd3 Kf6 41. Ke4 1-0

[Event "Early-Titled-Tuesday-Blitz-April-16-2024"]
[Site "Chess.com"]
[Date "2024.04.16"]
[Round "11"]
[White "JJDAREK"]
[Black "SaiAgni_98"]
[Result "0-1"]
[WhiteElo "2322"]
[BlackElo "2482"]
[TimeControl "180+1"]
[EndTime "10:12:10 PDT"]
[Termination "SaiAgni_98 won on time"]

1. d4 d5 2. c4 c6 3. Nf3 Nf6 4. e3 Bf5 5. Nc3 e6 6. Nh4 Be4 7. f3 Bg6 8. Qb3 Qc7 9. Nxg6 hxg6 10. Bd2 a5 11. cxd5 Nxd5 12. Nxd5 exd5 13. O-O-O a4 14. Qc2 a3 15. b3 Be7 16. e4 dxe4 17. fxe4 Rxh2 18. Rxh2 Qxh2 19. d5 Bf6 20. Bc3 Nd7 21. dxc6 bxc6 22. Bc4 Bxc3 23. Qxc3 Ne5 24. Rd2 Nxc4 25.
Qxc4 Rc8 26. Kc2 Qe5 27. Qd3 Qb2+ 28. Kd1 Qa1+ 29. Ke2 Kf8 30. Qh3 Re8 31. Qh8+ Ke7 32. Qh4+ Qf6 33. Qg4 Rd8 34. Rxd8 Kxd8 35. Qh3 Qb2+ 36.
Kd3 Qb1+ 37. Kc4 Qxa2 0-1

[Event "Early-Titled-Tuesday-Blitz-April-16-2024"]
[Site "Chess.com"]
[Date "2024.04.16"]
[Round "11"]
[White "Gryffindorac8"]
[Black "Vse_po_kaify"]
[Result "0-1"]
[WhiteElo "2439"]
[BlackElo "2587"]
[TimeControl "180+1"]
[EndTime "10:12:12 PDT"]
[Termination "Vse_po_kaify won by resignation"]

1. d4 Nf6 2. c4 e6 3. Nf3 Bb4+ 4. Bd2 Qe7 5. g3 Nc6 6. Nc3 O-O 7. Bg2 a5 8. O-O d6 9. Qc2 Bxc3 10. Bxc3 e5 11.
e4 Bg4 12. d5 Bxf3 13. Bxf3 Nb8 14. Bg2 Nbd7 15. b3 Nc5 16. a3 a4 17. b4 Nb3 18. Rad1 c5 19. dxc6 bxc6 20. Rd3 c5 21. b5 Nd7 22. Bh3 Nb6 23. Bb2 Ra7 24. Bg2 Rc7 25.
Re1 Nd4 26. Qc3 Qe6 27. Bf1 Nxc4 28. Rdd1 Nxb2 29. Qxb2 Nf3+ 30. Kg2 Nxe1+ 31. Rxe1 Qb3 32. Qc1 c4 33. Rd1 Qxb5 34. Rxd6 Qb3 35. Rd5 c3 36. Rb5 Qe6 37. Qc2 h6 38. Rb4 Rd8 39. Rxa4 Rd2 40. Qc1 Qb6 41. Qe1 c2 42. Ra8+ Kh7 43. Qxd2 c1=Q 44. Qd8 Qc2 45. Qg8+ Kg6 46. Ra6 Qxf2+ 47.
Kh3 Qxf1+ 48. Kg4 Qbxa6 0-1

[Event "Early-Titled-Tuesday-Blitz-April-16-2024"]
[Site "Chess.com"]
[Date "2024.04.16"]
[Round "11"]
[White "GlavkonVVS"]
[Black "Flaccidmoves"]
[Result "0-1"]
[WhiteElo "2560"]
[BlackElo "2437"]
[TimeControl "180+1"]
[EndTime "10:12:12 PDT"]
[Termination "Flaccidmoves won on time"]

1. c4 e6 2. Nc3 d5 3. d4 Be7 4.
Nf3 Nf6 5. Bg5 O-O 6. e3 b6 7.
Qc2 Bb7 8. Bxf6 Bxf6 9. cxd5 exd5 10. Be2 c5 11. dxc5 bxc5 12. O-O Nc6 13. Rfd1 Nb4 14. Qd2 Qe7 15. a3 Bxc3 16. Qxc3 d4 17. Nxd4 Nd5 18. Nf5 Qg5 19. Qb3 Nf4 20. Qxb7 Nxe2+ 21.
Kf1 Qxf5 22. Kxe2 Rab8 23. Qf3 Rxb2+ 24. Kf1 Qe6 25. Rac1 Qa6+ 26. Kg1 Qxa3 27. Qd5 h6 28. Rxc5 Rfb8 29. Rc7 Rf8 30. h3 a5 31. Ra7 Ra2 32. Qc4 Qb2 33. Qf4 a4 34. Rdd7 Qb3 35. g4 a3 36. Kg2 Ra1 37. h4 a2 38. Rdb7 Qd5+ 39. Qf3 Rg1+ 40. Kxg1 Qxf3 41. Rb2 Qxg4+ 42. Kf1 Qd1+ 43. Kg2 a1=Q 44. Rxa1 Qxa1 0-1

[Event "Early-Titled-Tuesday-Blitz-April-16-2024"]
[Site "Chess.com"]
[Date "2024.04.16"]
[Round "11"]
[White "ExchangeAB"]
[Black "Felix-Rose"]
[Result "1-0"]
[WhiteElo "2393"]
[BlackElo "2187"]
[TimeControl "180+1"]
[EndTime "10:12:12 PDT"]
[Termination "ExchangeAB won by checkmate"]

1. c4 e6 2. Nf3 d5 3. g3 Nf6 4.
Bg2 Be7 5. O-O O-O 6. b3 b6 7.
Bb2 Bb7 8. Ne5 Nbd7 9. d3 Nxe5 10. Bxe5 c5 11. Nd2 Nd7 12. Bb2 Bf6 13. Qc2 Rb8 14.
e4 Bxb2 15. Qxb2 d4 16. f4 f6 17. a3 e5 18. b4 Qc7 19. Bh3 Bc8 20. Bxd7 Bxd7 21.
f5 a5 22. g4 Qd6 23. Rfb1 Rfc8 24. Kf2 Kf7 25. Qc2 cxb4 26. axb4 axb4 27. Qb3 Ke7 28.
Qxb4 Qxb4 29. Rxb4 Kd6 30. Ra7 Kc5 31. Rb2 Rd8 32.
h4 Ra8 33. Rxa8 Rxa8 34. g5 Ra3 35. Ke2 Ba4 36. h5 h6 37. gxh6 gxh6 38. Nf1 Rc3 39.
Rd2 b5 40. cxb5 Bxb5 41. Nh2 Rc1 42.
Ng4 Rh1 43. Nxf6 Rh2+ 44. Ke1 Rh3 45. Ng4 Rxh5 46. Nxe5 Rh1+ 47. Ke2 Rh2+ 48. Kd1 Rh1+ 49. Kc2 h5 50. Nf3 h4 51. e5 Ba4+ 52. Kb2 h3 53. f6 Bc6 54. f7 Bxf3 55. f8=Q+ Kd5 56. Qd6# 1-0

[Event "Early-Titled-Tuesday-Blitz-April-16-2024"]
[Site "Chess.com"]
[Date "2024.04.16"]
[Round "11"]
[White "Mops_2004"]
[Black "vladgoncharov"]
[Result "1-0"]
[WhiteElo "2806"]
[BlackElo "2617"]
[TimeControl "180+1"]
[EndTime "10:12:13 PDT"]
[Termination "Mops_2004 won on time"]

1. g3 c5 2. Bg2 Nc6 3. c4 g6 4.
Nc3 Bg7 5. d3 d6 6. Qd2 Nf6 7.
b3 h5 8. Nf3 Bf5 9. Bb2 Qd7 10.
Nd5 e5 11. Nxf6+ Bxf6 12. Ng5 Qe7 13. Ne4 Bg7 14. e3 h4 15. Nc3 Qd7 16. O-O-O O-O-O 17. f4 Nb4 18. Be4 Bg4 19. Rdf1 hxg3 20. hxg3 f5 21.
Bg2 exf4 22. gxf4 Rde8 23. a3 Nc6 24. Nd5 Rxh1 25. Rxh1 Qf7 26. Kb1 Bh5 27. b4 Ne7 28.
bxc5 dxc5 29. Bxg7 Qxg7 30. Qa5 Nxd5 31. Bxd5 Qc7 32.
Qxc7+ Kxc7 33. e4 fxe4 34. dxe4 b6 35. Kc2 Rf8 36. Rh4 Kd6 37. Kd3 a6 38. a4 Ke7 39.
Ke3 Rb8 40. Rh2 b5 41. cxb5 axb5 42. Rb2 b4 43. a5 1-0

[Event "Early-Titled-Tuesday-Blitz-April-16-2024"]
[Site "Chess.com"]
[Date "2024.04.16"]
[Round "11"]
[White "jinxy2009"]
[Black "osielchesslover2011"]
[Result "0-1"]
[WhiteElo "2345"]
[BlackElo "2147"]
[TimeControl "180+1"]
[EndTime "10:12:13 PDT"]
[Termination "osielchesslover2011 won by resignation"]

1. e4 c5 2. Nf3 d6 3. d4 cxd4 4. Nxd4 Nf6 5. Nc3 a6 6. Be3 e6 7. g4 Be7 8. g5 Nfd7 9. h4 Qc7 10.
Qd2 Nc6 11. O-O-O b5 12. f4 b4 13. Nce2 Nc5 14. Bg2 Bb7 15. Ng3 Nxd4 16. Bxd4 b3 17. Kb1 bxa2+ 18. Ka1 Rb8 19. Bxg7 Rg8 20. Bc3 Na4 21.
Ba5 Qc6 22. Rhg1 Qb5 23. b3 Nc5 24. Bf1 Qc6 25. f5 Nxe4 26. Nxe4 Qxe4 27. fxe6 fxe6 28. Bg2 Qe5+ 29. Bc3 Qb5 30. Bxb7 Qxb7 31. Rge1 e5 32. Bxe5 dxe5 33. Rxe5 Qc7 34. Rde1 Rg7 35. h5 Rb5 36. Rxb5 axb5 37. Qd5 Qc3+ 38. Kxa2 Qa5+ 39. Kb2 Qxe1 40.
Qxb5+ Kf8 41. Qf5+ Rf7 42. Qc8+ Kg7 43. Qc3+ Qxc3+ 44. Kxc3 Bxg5 45. b4 Kh6 46. Kc4 Kxh5 47. b5 Kg4 48. Kc5 Be3+ 49. Kc6 h5 50. b6 Rf6+ 51. Kc7 Rxb6 0-1